 Dungeon Crawl Stone Soup version 0.21-a0-583-g2c32b0f (webtiles) character file.

2781 Bluekicks the Conjurer (level 9, -3/75 HPs)
             Began as a Purple Draconian Conjurer on Dec 18, 2017.
             Was a Believer of Vehumet.
             Slain by Erica
             ... wielding a +0 scimitar of flaming
              (5 damage)
             ... on level 8 of the Dungeon on Dec 19, 2017.
             The game lasted 02:44:48 (10629 turns).

Bluekicks the Conjurer (Purple Draconian Conjurer) Turns: 10629, Time: 02:44:48

Health: -3/75      AC:  9    Str: 16    XL:     9   Next: 43%
Magic:  7/19       EV: 14    Int: 17    God:    Vehumet [**....]
Gold:   186        SH:  0    Dex: 12    Spells: 1/21 levels left

rFire    . . .     SeeInvis .   q - +2 dagger (venom)
rCold    . . .     Gourm    .   (no shield)
rNeg     . . .     Faith    .   (armour unavailable)
rPois    .         Spirit   .   (helmet restricted)
rElec    .         Reflect  .   (no cloak)
rCorr    +         Harm     .   h - +0 pair of gloves
MR       +....                  e - +0 pair of boots
Stlth    +++.......             (no amulet)
HPRegen  0.22/turn              n - +4 ring of strength
MPRegen  0.16/turn              d - ring of resist corrosion

@: lethally poisoned (-3 -> -18), about to teleport, invisible
A: breathe power, unfitting armour, cold-blooded, AC +7
a: Breathe Dispelling Energy, Renounce Religion


You were on level 8 of the Dungeon.
You worshipped Vehumet.
Vehumet was pleased with you.
You were very hungry.

You visited 2 branches of the dungeon, and saw 9 of its levels.

You collected 333 gold pieces.
You spent 147 gold pieces at shops.

Inventory:

Hand Weapons
 p - a +0 shortbow
 q - a +2 dagger of venom (weapon)
Missiles
 g - 5 silver tomahawks (quivered)
 l - 164 stones
 o - 94 arrows
 t - 10 tomahawks
Armour
 e - a +0 pair of boots (worn)
 h - a +0 pair of gloves (worn)
Jewellery
 d - a ring of resist corrosion (right hand)
 n - a +4 ring of strength (left hand)
Wands
 i - a wand of acid (7)
 v - a wand of paralysis (7)
 w - a wand of disintegration (4)
 x - a wand of polymorph (9)
Scrolls
 c - a scroll of amnesia
 f - a scroll of identify
 m - 2 scrolls of teleportation
Potions
 j - 2 potions of invisibility
 k - 3 potions of berserk rage
 r - a potion of lignification
Books
 a - a book of Conjurations

   Spells                             Type                      Level
   a - Magic Dart                     Conjuration                  1
   b - Searing Ray                    Conjuration                  2
   c - Dazzling Spray                 Conjuration/Hexes            3
   d - Fulminant Prism                Conjuration/Hexes            4
   e - Force Lance                    Conjuration/Translocation    4
   f - Iskenderun's Mystic Blast      Conjuration                  4
 s - a book of Changes

   Spells                             Type                      Level
   a - Beastly Appendage              Transmutation                1
   b - Sticks to Snakes               Transmutation                2
   c - Spider Form                    Transmutation/Poison         3
   d - Ice Form                       Ice/Transmutation            4
   e - Blade Hands                    Transmutation                5
 u - a book of Maledictions

   Spells                             Type                      Level
   a - Corona                         Hexes                        1
   b - Ensorcelled Hibernation        Hexes/Ice                    2
   c - Confuse                        Hexes                        3
   d - Tukima's Dance                 Hexes                        3
   e - Dazzling Spray                 Conjuration/Hexes            3
Comestibles
 b - 5 rations


   Skills:
 + Level 6.1 Fighting
 + Level 5.5 Dodging
 + Level 5.9 Stealth
 + Level 6.7 Spellcasting
 + Level 7.3 Conjurations


You had one spell level left.
You knew the following spells:

 Your Spells              Type           Power        Failure   Level  Hunger
a - Magic Dart            Conj           ####         1%          1    None
b - Searing Ray           Conj           ####..       1%          2    None
c - Fulminant Prism       Conj/Hex       ###.......   26%         4    ####...
d - Iskenderun's Mystic   Conj           ####....     5%          4    ####...
e - Spider Form           Tmut/Pois      #.........   34%         3    ##.....
f - Confuse               Hex            #.......     34%         3    ##.....
g - Tukima's Dance        Hex            #.......     34%         3    ##.....


Dungeon Overview and Level Annotations

Branches:
Dungeon (8/15)             Temple (1/1) D:4
   Lair: D:8-11

Altars:
Ashenzari
Cheibriados
Dithmenos
Elyvilon
Fedhas
Gozag
Makhleb
Nemelex Xobeh
Okawaru
Qazlal
Ru
Sif Muna
Trog
Uskayaw
Vehumet
Wu Jian
Xom
Yredelemnul
Zin
The Shining One

Shops:
D:8 *

Annotations:
D:8 Erica, Maurice


Innate Abilities, Weirdness & Mutations

You can breathe bolts of dispelling energy.
Your rich purple scales are hard. (AC +7)
You cannot fit into any form of body armour.
You are cold-blooded and may be slowed by cold attacks.


Message History

You are more poisoned.
* * * LOW HITPOINT WARNING * * *
* * * LOW HITPOINT WARNING * * *
You feel sick.
Unknown command.
As you read the scroll of teleportation, it crumbles to dust.
You feel strangely unstable.
* * * LOW HITPOINT WARNING * * *
You feel sick. Something hits you.
* * * LOW HITPOINT WARNING * * *
Something burns you.
* * * LOW HITPOINT WARNING * * *
* * * LOW HITPOINT WARNING * * *
You feel sick.
Maurice casts a spell.
Maurice flickers and vanishes!
You fade into invisibility!
* * * LOW HITPOINT WARNING * * *
You feel sick. Something hits you.
You die...

.#######'#..#
#.....+∩+....<
#...#'#####.#
#...........#
#.######.######
#........######.#
#.######........#
#...# #.########
#@# #.#
#.####.###
.#.{......#
#........###
#...........#
#........##.#
#........# #
#........#
#########.


There were no monsters in sight!

Vanquished Creatures
  The ghost of alcopop the Archer, a novice DEHu (D:6)
  Grinder (D:6)
  A hippogriff (D:7)
  Menkaure (D:6)
  3 ice beasts
  2 sky beasts
  A necrophage (D:7)
  A phantom (D:4)
  2 ogres
  2 centaurs (D:5)
  A bullfrog (D:7)
  A scorpion (D:6)
  2 electric eels (D:7)
  A howler monkey (D:4)
  3 crimson imps
  A quasit (D:7)
  3 hounds
  A jelly (D:7)
  4 orc priests
  A centaur skeleton (D:5)
  3 orc wizards
  2 worker ants
  A hound skeleton (D:6)
  2 worker ant zombies
  4 gnolls (D:4)
  9 adders
  2 shadow imps
  An ooze (D:1)
  3 adder skeletons
  2 worms (D:2)
  3 dart slugs
  2 leopard geckos
  26 orcs
  3 ball pythons
  9 bats
  6 giant cockroaches
  8 goblins
  9 hobgoblins
  3 jackals (D:1)
  9 kobolds
  7 quokkas
  3 frilled lizards
  19 rats
169 creatures vanquished.

Vanquished Creatures (others)
  27 fulminant prisms
27 creatures vanquished.

Grand Total: 196 creatures vanquished

Notes
Turn   | Place    | Note
-------+----------+-------------------------------------------
     0 | D:1      | Bluekicks the Draconian Conjurer began the quest for the Orb.
     0 | D:1      | Reached XP level 1. HP: 14/14 MP: 3/3
    67 | D:1      | Reached XP level 2. HP: 13/20 MP: 0/5
   235 | D:1      | Learned a level 2 spell: Searing Ray
   614 | D:1      | Reached XP level 3. HP: 27/27 MP: 3/6
  1887 | D:2      | Reached skill level 1 in Fighting
  1914 | D:2      | Reached XP level 4. HP: 35/35 MP: 0/7
  1920 | D:2      | Learned a level 4 spell: Fulminant Prism
  2488 | D:2      | Found a hide-covered altar of Uskayaw.
  2983 | D:3      | Reached XP level 5. HP: 41/41 MP: 3/9
  3787 | D:4      | Reached skill level 5 in Conjurations
  4204 | D:4      | Found a staircase to the Ecumenical Temple.
  4266 | D:4      | Reached XP level 6. HP: 35/49 MP: 1/10
  4370 | Temple   | Entered the Ecumenical Temple
  4411 | Temple   | Became a worshipper of Vehumet
  4985 | D:4      | Found an iron altar of Okawaru.
  5279 | D:4      | Your scales start taking on a rich purple colour.
  5279 | D:4      | Reached XP level 7. HP: 54/57 MP: 7/13
  5701 | D:5      | Entered Level 5 of the Dungeon
  5972 | D:5      | Learned a level 4 spell: Iskenderun's Mystic Blast
  6099 | D:5      | Learned a level 3 spell: Spider Form
  6294 | D:5      | Found an opulent altar of Gozag.
  6590 | D:5      | Reached skill level 5 in Spellcasting
  6590 | D:5      | Reached skill level 6 in Conjurations
  6590 | D:5      | Reached XP level 8. HP: 26/66 MP: 10/15
  6999 | D:5      | Reached * piety under Vehumet
  6999 | D:5      | Offered knowledge of Sandblast by Vehumet.
  7083 | D:5      | Learned a level 3 spell: Confuse
  7534 | D:6      | Noticed Grinder
  7536 | D:6      | Paralysed by Grinder for 7 turns
  7583 | D:6      | Killed Grinder
  7816 | D:6      | Noticed Menkaure
  7825 | D:6      | Killed Menkaure
  8001 | D:6      | Found a sacrificial altar of Ru.
  8003 | D:6      | Found a basalt altar of Yredelemnul.
  8061 | D:6      | Noticed alcopop's ghost (novice DEHu)
  8445 | D:6      | Reached skill level 5 in Stealth
  8449 | D:6      | Reached skill level 5 in Fighting
  8632 | D:6      | Upgraded the game from 0.21-a0-578-gc6e9d75 to 0.21-a0-583-g2c32b0f
  9136 | D:6      | Reached skill level 5 in Dodging
  9136 | D:6      | Reached XP level 9. HP: 46/74 MP: 6/18
  9264 | D:6      | Killed alcopop's ghost
  9264 | D:6      | Reached skill level 7 in Conjurations
  9650 | D:7      | Learned a level 3 spell: Tukima's Dance
 10265 | D:7      | Identified a scroll of acquirement
 10587 | D:8      | Found Dajeryn's Assorted Antiques.
 10590 | D:8      | Bought a twisted iron wand for 84 gold pieces
 10590 | D:8      | Bought a scroll of remove curse for 63 gold pieces
 10602 | D:8      | Noticed Erica
 10621 | D:8      | Noticed Maurice
 10624 | D:8      | Reached ** piety under Vehumet
 10629 | D:8      | HP: 2/75 [poisoned by Erica (bolt of poison)]
 10629 | D:8      | Slain by Erica

Vault maps used:
D:1:      erik_arrival_orb_chamber
D:2:      marbit_many_paths
D:4:      kennysheep_little_box, minmay_temple_entry_mist, first_ration
D:5:      st_stairs_3, minmay_misc_feat_columns, minmay_misc_feat_enclosed,
          grunt_gozag_statues
D:6:      chequers_temple_overflow_statue_of_worship, uniq_menkaure,
          uniq_grinder
D:7:      serial_bayou, serial_bayou_crossing, serial_bayou_pond_a,
          serial_bayou_shore_b, serial_bayou_lagoon_a
D:8:      kennysheep_mini_moat, serial_shops, nicolae_shop_behind_doors,
          uniq_erica, uniq_joseph, uniq_maurice
Temple:   regret_index_temple_sphere_string

Skill      XL: |  1  2  3  4  5  6  7  8  9 |
---------------+----------------------------+-----
Dodging        | 2 3 4 5 |  5.5
Stealth        | 2 3 4 5 |  5.9
Fighting       | 1 2 3 4 5 6 |  6.1
Conjurations   | 5 6 7 |  7.3
Spellcasting   | 3 4 5 6 |  6.7

Action                   |  1- 3 |  4- 6 |  7- 9 || total
-------------------------+-------+-------+-------++-------
Melee: Unarmed           |    48 |       |     2 ||    50
       Tailslap          |     8 |     5 |     5 ||    18
       Short sword       |     6 |       |       ||     6
       Club              |     1 |       |       ||     1
       Spear             |    20 |       |       ||    20
       Dagger            |       |    53 |    33 ||    86
Throw: Stone             |       |     7 |     4 ||    11
       Tomahawk          |       |     6 |     5 ||    11
 Cast: Magic Dart        |    59 |    65 |    61 ||   185
       Searing Ray       |     6 |    27 |    52 ||    85
       Fulminant Prism   |       |     6 |    21 ||    27
       Iskenderun's Myst |       |       |     2 ||     2
       Spider Form       |       |       |     1 ||     1
Evoke: Wand              |       |       |     1 ||     1
  Use: Scroll            |     4 |     4 |     9 ||    17
       Potion            |     1 |     2 |     9 ||    12
 Stab: Sleeping          |     2 |       |       ||     2
  Eat: Chunk             |     2 |     7 |     2 ||    11
       Ration            |     1 |     2 |     6 ||     9
Armor: Skin              |    22 |    47 |    43 ||   112
Dodge: Dodged            |    42 |    47 |    75 ||   164

Table legend:
 A = Spawn XP
 B = Non-spawn XP
 C = Spawn XP percentage of total XP
 D = Spawn monster count
 E = Non-spawn monster count
 F = Spawn count percentage of total count
 G = Total turns spent on level
                    A         B        C        D         E        F      G
               +---------+---------+-------+---------+---------+-------+---------
         Total |       0 |    3973 |   0.0 |       0 |     169 |   0.0 | 10629
               +---------+---------+-------+---------+---------+-------+---------
           D:1 |       0 |      61 |   0.0 |       0 |      36 |   0.0 |  1194
           D:2 |       0 |      63 |   0.0 |       0 |      21 |   0.0 |  1361
           D:3 |       0 |     112 |   0.0 |       0 |      29 |   0.0 |  1197
           D:4 |       0 |     545 |   0.0 |       0 |      27 |   0.0 |  1802
           D:5 |       0 |     708 |   0.0 |       0 |      16 |   0.0 |  1783
           D:6 |       0 |    1532 |   0.0 |       0 |      17 |   0.0 |  1618
           D:7 |       0 |     950 |   0.0 |       0 |      22 |   0.0 |  1471
           D:8 |       0 |       2 |   0.0 |       0 |       1 |   0.0 |    56
               +---------+---------+-------+---------+---------+-------+---------
